 Dungeon Crawl Stone Soup version 0.19-a0-1170-g18f0c96 (webtiles) character file.

21666 Gagarin the Grappler (level 12, -5/123 HPs)
             Began as a Troll Monk on Aug 17, 2016.
             Was a High Priest of the Shining One.
             Slain by a seven-headed hydra (8 damage)
             ... on level 3 of the Lair of Beasts.
             The game lasted 00:43:28 (14033 turns).

Gagarin the Grappler (Troll Monk)                  Turns: 14033, Time: 00:43:29

Health: -5/123     AC:  9    Str: 22    XL:     12   Next: 56%
Magic:  11/11      EV: 16    Int:  6    God:    the Shining One [*****.]
Gold:   625        SH:  0    Dex: 16    Spells: 0 memorised, 11 levels left

rFire  . . .     SeeInvis .       - Unarmed
rCold  . . .     Gourm    +     v - +1 animal skin
rNeg   + + .     Faith    +     (no shield)
rPois  .         Spirit   .     (helmet restricted)
rElec  .         Dismiss  .     q - +2 cloak
rCorr  .         Reflect  .     (gloves unavailable)
MR     +....     Harm     .     (boots unavailable)
Stlth  +.........               i - amulet of faith
                                H - ring of flight
                                B - ring of protection from magic

@: glowing
A: unfitting armour, claws 3, fast metabolism 3, gourmand, regeneration 2,
shaggy fur 1, tough skin 2
a: Divine Shield, Cleansing Flame, Summon Divine Warrior, Renounce Religion,
Evoke Flight


You were on level 3 of the Lair of Beasts.
You worshipped the Shining One.
The Shining One was extremely pleased with you.
You were very full.

You visited 3 branches of the dungeon, and saw 15 of its levels.
You also visited: Sewer and Bailey.

You collected 757 gold pieces.
You spent 132 gold pieces at shops.

Inventory:

Missiles
 M - 5 large rocks (quivered)
 S - 9 throwing nets
 T - 4 javelins of penetration
Armour
 q - a +2 cloak (worn)
 v - a +1 animal skin (worn)
Jewellery
 d - the ring "Leoxain" {AC+2 Int+2}
   (You acquired it on level 11 of the Dungeon)

   [ring of protection]

   It affects your AC (+2).
   It affects your intelligence (+2).
 i - an amulet of faith (around neck)
 B - a ring of protection from magic (left claw)
 G - an uncursed ring of stealth
 H - a ring of flight (right claw)
Wands
 c - a wand of lightning (3/15)
 P - a wand of slowing (24/48)
 W - a wand of disintegration (17/24)
Scrolls
 e - 11 scrolls of teleportation
 k - a scroll of amnesia
 n - 5 scrolls of identify
 p - a scroll of fear
 u - 3 scrolls of fog
 w - 6 scrolls of remove curse
 y - 2 scrolls of enchant weapon
 F - a scroll of recharging
 R - a scroll of holy word
Potions
 f - 3 potions of brilliance
 g - 6 potions of curing
 h - 4 potions of ambrosia
 l - 5 potions of magic
 o - 2 potions of cure mutation {unknown}
 r - 2 potions of might {unknown}
 t - 5 potions of flight
 x - a potion of mutation {unknown}
 z - a potion of beneficial mutation {unknown}
 K - a potion of cancellation {unknown}
 L - a potion of experience {unknown}
 Z - a potion of haste {unknown}
Books
 E - a book of Cantrips

   Spells                             Type                      Level
   a - Confusing Touch                Hexes                        1
   b - Animate Skeleton               Necromancy                   1
   c - Summon Small Mammal            Summoning                    1
   d - Apportation                    Translocation                1
Miscellaneous
 s - a sack of spiders
Comestibles
 a - 6 beef jerkies
 b - 9 bread rations
 j - 8 meat rations
 A - a royal jelly
 C - 2 fruits
 D - 12 chunks of flesh
 O - 11 slices of pizza


   Skills:
 + Level 9.0 Fighting
 + Level 6.5 Throwing
 * Level 9.4 Dodging
 - Level 1.1 Stealth
 + Level 13.4 Unarmed Combat


You had 11 spell levels left.
You didn't know any spells.

Dungeon Overview and Level Annotations

Branches:
Dungeon (11/15)            Temple (1/1) D:7            Lair (3/6) D:11
 Shoals (0/4) Lair:2        Snake (0/4) Lair:3          Orc (0/2) D:11

Altars:
Ashenzari
Cheibriados
Dithmenos
Elyvilon
Fedhas
Gozag
Hepliaklqana
Kikubaaqudgha
Makhleb
Nemelex Xobeh
Okawaru
Pakellas
Qazlal
Ru
Sif Muna
Trog
Uskayaw
Vehumet
Xom
Yredelemnul
Zin
The Shining One

Shops:
D:10 *

Annotations:
D:8 Gagarin's ghost, novice TrMo
Lair:2 exclusion: oklob plant


Innate Abilities, Weirdness & Mutations

You are too large for most types of armour.
You have claws for hands.
Your metabolism is lightning-fast.
You like to eat raw meat.
You heal very quickly.
You are covered in fur. (AC +1)
You have very tough skin. (AC +2)


Message History

You feel sick.
The seven-headed hydra completely misses you.
The seven-headed hydra bites you.
* * * LOW HITPOINT WARNING * * *
The seven-headed hydra bites you.
* * * LOW HITPOINT WARNING * * *
The seven-headed hydra barely misses you.
The seven-headed hydra misses you. The seven-headed hydra bites you!
* * * LOW HITPOINT WARNING * * *
The seven-headed hydra completely misses you.
You feel sick.
You feel better.
The seven-headed hydra closely misses you.
The seven-headed hydra bites you!
* * * LOW HITPOINT WARNING * * *
The seven-headed hydra bites you!
* * * LOW HITPOINT WARNING * * *
The seven-headed hydra closely misses you.
The seven-headed hydra bites you!
You die...

≈≈≈.. ...##......P......
≈≈≈≈. #.###.............
..≈≈≈###.##.......P.#####
....≈≈................#.P.
>...≈≈......(.............
....≈≈....................
..≈≈≈≈............(.......
P.≈≈≈..............#.#P..#
≈≈≈≈P....@D......#####P†##
≈≈≈≈...#.###.#...#.###P..#
.....#))#.#.##..##.......
......##.....#...#.#......
...... #.....##..# #.....#
#.....##.........P........
#.....##.................#
#...<.P##.###.....#.######
##.....##..###....###


You could see a seven-headed hydra.

Vanquished Creatures
  A hydra (Lair:1)
  The ghost of p0werm0de the Fencer, a journeyman HECK of Xom (D:11)
  3 hill giants
  2 ugly things
  A griffon (Lair:2)
  A cyclops (D:11)
  3 black mambas
  3 spiny frogs
  2 kobold demonologists (D:11)
  4 blink frogs (Lair:3)
  A two-headed ogre (D:8)
  A human (D:7)
  14 yaks
  2 basilisks
  5 hippogriffs
  A hungry ghost (D:9)
  3 nagas (Lair:3)
  6 water moccasins
  4 porcupines
  An ice beast (D:11)
  3 sky beasts
  2 black bears
  6 orc warriors
  A wasp (D:11)
  2 phantoms
  8 centaurs
  14 wolves
  4 ogres
  6 crocodiles
  3 big kobolds
  The ghost of Multipenetrator the Firebug, an amateur TeFE (D:3)
  8 giant frogs
  9 gnoll sergeants
  23 killer bees
  6 scorpions
  3 wights (D:10)
  3 howler monkeys
  6 crimson imps
  A quasit (D:7)
  2 giant frog zombies
  A centaur zombie (D:6)
  2 giant frog skeletons
  8 gnoll shamans
  3 orc priests
  7 hounds
  2 jellies
  Crazy Yiuf (D:6)
  4 centaur skeletons
  6 orc wizards
  5 iguanas
  8 worker ants
  19 sheep
  A hound skeleton (D:9)
  A howler monkey zombie (D:7)
  Robin (D:2)
  A worker ant zombie (D:11)
  26 gnolls
  16 adders
  19 river rats
  3 shadow imps (D:5)
  3 oozes
  An adder zombie (D:6)
  4 worms
  2 dart slugs (D:1)
  4 giant geckos
  31 orcs
  7 ball pythons
  8 giant cockroaches
  6 hobgoblins
  15 jackals
  8 quokkas
  6 bats
  12 giant newts
  20 goblins
  A jackal skeleton (D:4)
  19 kobolds
  10 rats
461 creatures vanquished.

Vanquished Creatures (others)
  A fungus (D:11)
  A plant (D:11)
2 creatures vanquished.

Grand Total: 463 creatures vanquished

Notes
Turn   | Place    | Note
-------+----------+-------------------------------------------
     0 | D:1      | Gagarin the Troll Monk began the quest for the Orb.
     0 | D:1      | Reached XP level 1. HP: 22/22 MP: 0/0
   139 | D:1      | Reached XP level 2. HP: 25/29 MP: 1/1
   574 | D:1      | Reached XP level 3. HP: 36/36 MP: 2/2
  1118 | D:2      | Found a snail-covered altar of Cheibriados.
  1271 | D:2      | Reached skill level 4 in Unarmed Combat
  1369 | D:2      | Reached XP level 4. HP: 45/45 MP: 3/3
  1381 | D:2      | Noticed Robin
  1407 | D:2      | Killed Robin
  1734 | D:3      | Found a blossoming altar of Fedhas.
  1750 | D:3      | Reached XP level 5. HP: 52/53 MP: 4/4
  1902 | D:3      | Noticed Multipenetrator's ghost (amateur TeFE)
  1915 | D:3      | Killed Multipenetrator's ghost
  1915 | D:3      | Reached skill level 5 in Unarmed Combat
  2268 | D:3      | Found a glowing drain.
  2298 | Sewer    | Entered a sewer
  2322 | Sewer    | Reached XP level 6. HP: 60/61 MP: 5/5
  3347 | D:4      | Reached skill level 6 in Unarmed Combat
  3347 | D:4      | Reached XP level 7. HP: 53/68 MP: 6/6
  3842 | D:4      | Found a sacrificial altar of Ru.
  3920 | D:5      | Entered Level 5 of the Dungeon
  4355 | D:5      | Found a hazy altar of Hepliaklqana.
  4387 | D:5      | Reached skill level 7 in Unarmed Combat
  4448 | D:5      | Found a hide-covered altar of Uskayaw.
  4450 | D:5      | Noticed a dagger
  4450 | D:5      | Noticed a dagger
  4670 | D:6      | Found an ancient bone altar of Kikubaaqudgha.
  4768 | D:6      | Reached XP level 8. HP: 79/79 MP: 7/7
  4840 | D:6      | Found a runed door.
  5575 | D:6      | Noticed Crazy Yiuf
  5578 | D:6      | Killed Crazy Yiuf
  5638 | D:7      | Reached skill level 8 in Unarmed Combat
  5640 | D:7      | Reached skill level 5 in Fighting
  5643 | D:7      | Reached skill level 5 in Dodging
  5959 | D:7      | Reached XP level 9. HP: 58/88 MP: 8/8
  6018 | D:7      | Reached skill level 9 in Unarmed Combat
  6023 | D:7      | Reached skill level 1 in Throwing
  6078 | D:7      | Found a staircase to the Ecumenical Temple.
  6079 | D:7      | Found a stormy altar of Qazlal.
  6085 | Temple   | Entered the Ecumenical Temple
  6379 | Temple   | Became a worshipper of the Shining One
  6379 | Temple   | Reached * piety under the Shining One
  6379 | Temple   | Reached ** piety under the Shining One
  6799 | D:7      | Noticed a hill giant
  6811 | D:7      | Killed a hill giant
  6887 | D:8      | Reached skill level 10 in Unarmed Combat
  6998 | D:8      | Reached XP level 10. HP: 36/98 MP: 9/9
  7159 | D:8      | Noticed Gagarin's ghost (novice TrMo)
  7172 | D:7      | Found a glowing silver altar of Zin.
  7172 | D:7      | Found an oddly glowing altar of Pakellas.
  7239 | D:7      | Identified a -1 rod of clouds (12/12) (You found it on level 6 of the Dungeon)
  7432 | D:8      | Found an opulent altar of Gozag.
  7809 | D:9      | Reached *** piety under the Shining One
  7888 | D:9      | Found a flagged portal.
  7911 | Bailey   | Entered a bailey
  7919 | Bailey   | Reached skill level 11 in Unarmed Combat
  8633 | D:9      | You fall through a shaft for 2 floors!
  8687 | D:10     | Entered Level 10 of the Dungeon
  8687 | D:10     | Reached **** piety under the Shining One
  8759 | D:10     | Noticed a hill giant
  8768 | D:10     | Killed a hill giant
  8775 | D:10     | Reached skill level 5 in Throwing
  8788 | D:10     | Noticed a hill giant
  8796 | D:10     | Killed a hill giant
  8796 | D:10     | Reached XP level 11. HP: 54/109 MP: 10/10
  9122 | D:9      | Found a bloodstained altar of Trog.
  9339 | D:9      | Found a burning altar of Makhleb.
  9340 | D:9      | Found a shimmering altar of Xom.
  9773 | D:10     | Found an oddly glowing altar of Pakellas.
  9891 | D:10     | Found Loageo Zoduo's Assorted Antiques.
  9899 | D:10     | Bought a scroll of identify for 66 gold pieces
  9899 | D:10     | Bought a scroll of identify for 66 gold pieces
 10565 | D:11     | Noticed p0werm0de's ghost (journeyman HECK)
 10587 | D:11     | Killed p0werm0de's ghost
 10587 | D:11     | Reached skill level 12 in Unarmed Combat
 10721 | D:11     | Noticed a purple ugly thing
 10723 | D:11     | Noticed a brown ugly thing
 10779 | D:10     | Killed a red ugly thing
 10845 | D:11     | Killed a red ugly thing
 11385 | D:11     | Found a staircase to the Lair.
 11414 | D:11     | Reached ***** piety under the Shining One
 11446 | D:11     | Found a staircase to the Orcish Mines.
 11578 | D:11     | Identified a scroll of acquirement
 11579 | D:11     | Got a coiled turquoise ring
 11581 | D:11     | Identified the ring "Leoxain" {AC+2 Int+2} (You acquired it on level 11 of the Dungeon)
 11633 | Lair:1   | Entered Level 1 of the Lair of Beasts
 11701 | D:11     | Noticed a soul eater
 12296 | Lair:1   | Noticed a four-headed hydra
 12303 | Lair:1   | Killed a four-headed hydra
 12303 | Lair:1   | Reached skill level 13 in Unarmed Combat
 12637 | Lair:1   | Reached XP level 12. HP: 122/122 MP: 11/11
 13472 | Lair:2   | Found a staircase to the Shoals.
 13916 | Lair:3   | Found a staircase to the Snake Pit.
 14003 | Lair:3   | Noticed a seven-headed hydra
 14033 | Lair:3   | HP: 3/123 [seven-headed hydra (13)]
 14033 | Lair:3   | Slain by a seven-headed hydra

Vault maps used:
D:1:      minmay_arrival_wavy_path
D:2:      kennysheep_goblin_castle, cheibriados_altar_1, serial_curves,
          eino_curves_04, eino_curves_03
D:3:      portal_sewer_entry_b, fedhas_altar_2
D:4:      st_stairs_10, nicolae_ru_path_of_blood
D:5:      lemuel_round_altar, dancing_weapons_uskayaw, first_bread,
          minmay_door_square
D:6:      kiku_gazebo_pond_becter, uniq_crazy_yiuf_cottage
D:7:      lemuel_crystal_altar, nicolae_overflow_hidden_temple, grunt_livestock,
          grunt_decor_fettered
D:8:      minmay_distorted_concentric_squares, basic_altar
D:9:      grunt_temple_overflow_champion_of_chaos,
          nicolae_overflow_crystal_walls, enter_bailey_2
D:10:     serial_shops, nicolae_shop_stone, st_stairs_11, grunt_pakellas_basics
D:11:     minmay_lair_entry_grove, orc_0_dummy, lightli_corner_chamber
Temple:   minmay_temple_forest_path
Lair:2:   minmay_shoals_entry_centaurs, minmay_lair_oklob_bushes
Lair:3:   guppyfry_snake_entry_island, serial_bayou_pond_a
Sewer:    sewer_co_cracked_pipes
Bailey:   bailey_polearm_gnolls_kennysheep, bailey

Skill      XL: |  1  2  3  4  5  6  7  8  9 10 11 12 |
---------------+-------------------------------------+-----
Unarmed Combat | 4 5 6 7 8 10 11 13 | 13.4
Fighting       | 3 4 5 6 7 8 9 |  9.0
Dodging        | 3 4 5 6 7 8 9 |  9.4
Throwing       | 3 5 6 |  6.5
Stealth        | |  1.1

Action                   |  1- 3 |  4- 6 |  7- 9 | 10-12 || total
-------------------------+-------+-------+-------+-------++-------
Melee: Unarmed           |    90 |   189 |   340 |   603 ||  1222
       Punch             |     1 |     4 |     7 |    35 ||    47
Throw: Large rock        |       |       |     8 |    20 ||    28
       Javelin           |       |       |     2 |    19 ||    21
Invok: Divine Shield     |       |       |     1 |     2 ||     3
  Use: Scroll            |       |     3 |     2 |    20 ||    25
       Potion            |       |       |     3 |     9 ||    12
 Stab: Sleeping          |     4 |     3 |     3 |       ||    10
  Eat: Chunk             |    18 |    18 |    33 |    70 ||   139
       Pizza             |       |       |     1 |       ||     1
Armor: Robe              |    38 |     7 |       |       ||    45
       Animal skin       |       |    47 |    76 |   143 ||   266
Dodge: Dodged            |    70 |    82 |   216 |   480 ||   848
Block: Other             |       |       |       |    10 ||    10
